 Dungeon Crawl Stone Soup version 0.24.1-14-gf8d2b509d9 (webtiles) character file.

Game seed: 16714431490954955631, levelgen mode: deterministic

131 Hugehornet the Insei (level 5, -1/49 HPs)
             Began as an Octopode Transmuter on May 17, 2020.
             Slain by an orc wizard
             ... wielding a +0 dagger
              (4 damage)
             ... on level 3 of the Dungeon.
             The game lasted 00:04:11 (3005 turns).

Hugehornet the Insei (Octopode Transmuter)          Turns: 3005, Time: 00:04:12

Health: -1/49      AC:  1    Str: 14    XL:     5   Next: 14%
Magic:  7/8        EV: 13    Int: 17    God:
Gold:   115        SH:  0    Dex: 12    Spells: 2/8 levels left

rFire    + . .     SeeInvis .     - Unarmed
rCold    . . .     Gourm    .   (no shield)
rNeg     . . .     Faith    .   (helmet restricted)
rPois    .         Spirit   .   (no amulet)
rElec    .         Reflect  .   k - ring of protection from fire
rCorr    .         Harm     .   (no ring)
MR       .....                  (no ring)
Stlth    ..........             (no ring)
HPRegen  0.16/turn              (no ring)
MPRegen  0.11/turn              (no ring)
                                (no ring)
                                (no ring)

@: berserking, appendage, very quick
A: almost no armour, stealthy swim, amphibious, 8 rings, constrict 8, tentacle
spike 3, camouflage 1, gelatinous body 1
a: End Transformation


You were on level 3 of the Dungeon.
You were hungry.
One of your tentacles had a temporary spike.
You visited 1 branch of the dungeon, and saw 3 of its levels.

You collected 115 gold pieces.

Inventory:

Missiles
 a - 80 arrows
Armour
 e - a +0 large shield
Jewellery
 k - a ring of protection from fire (left tentacle)
Scrolls
 b - a scroll of teleportation {unknown}
 d - a scroll of blinking
 h - 2 scrolls of magic mapping {unknown}
 i - a scroll of fear {unknown}
 j - a scroll of noise {unknown}
 n - a scroll of remove curse {unknown}
Comestibles
 c - 11 rations


   Skills:
 - Level 1.0 Fighting
 - Level 2.0 Dodging
 + Level 4.3 Unarmed Combat
 - Level 2.0 Spellcasting
 - Level 3.0 Transmutations
 - Level 3.0 Poison Magic


You had 2 spell levels left.
You knew the following spells:

 Your Spells              Type           Power        Failure   Level  Hunger
a - Beastly Appendage     Tmut           ##....       5%          1    #......
b - Sticks to Snakes      Tmut           ##......     9%          2    ###....
c - Spider Form           Tmut/Pois      ##........   17%         3    ###....

Your spell library contained the following spells:

 Spells                   Type           Power        Failure   Level  Hunger
 Ice Form                 Ice/Tmut       #.......     71%         4    #####..
 Blade Hands              Tmut           ##........   83%         5    ######.


Dungeon Overview and Level Annotations

Branches:
Dungeon (3/15)

Altars:


Innate Abilities, Weirdness & Mutations

You cannot wear most types of armour.
You are very stealthy in the water. (Stealth+)
You are amphibious.
You can wear up to eight rings at the same time.
You can use your tentacles to constrict eight enemies at once.
Your skin changes colour to match your surroundings (Stealth+).
Your rubbery body absorbs attacks. (AC +1, EV +1)
One of your tentacles bears a large vicious spike.


Message History

The orc priest hits you with a +3 hand axe of flaming.
* * * LOW HITPOINT WARNING * * *
The orc priest burns you.
* * * LOW HITPOINT WARNING * * *
A red film seems to cover your vision as you go berserk!
You feel yourself moving faster!
You feel mighty! Something hits you but does no damage.
The orc priest looks satisfied for a moment.
You bludgeon the orc priest! Your grab misses the orc priest.
The orc priest is heavily wounded.
The orc priest hits you with a +3 hand axe of flaming.
* * * LOW HITPOINT WARNING * * *
The orc priest burns you.
* * * LOW HITPOINT WARNING * * *
Something hits you but does no damage. The orc priest barely misses you.
You barely miss the orc priest. You grab the orc priest.
You pierce the orc priest!
The orc priest is severely wounded.
You constrict the orc priest. Something hits you.
You die...

##..##..##
##†.......##
##......?...#
####....†......#
##....#........##
#.....#........##
.........>!.....#
......?..{......#
.....##..o@....##
..... ##.o##..##
.... .........#
.#...###.######
## #.# ... ####


You could see 2 orc priests.

Vanquished Creatures
  4 gnolls (D:3)
  2 adders
  An ooze (D:2)
  5 worms (D:2)
  A leopard gecko (D:2)
  8 bats
  3 giant cockroaches
  4 goblins
  4 hobgoblins
  4 jackals (D:1)
  9 kobolds
  4 frilled lizards
  7 rats
56 creatures vanquished.

Notes
Turn   | Place    | Note
-------+----------+-------------------------------------------
     0 | D:1      | Hugehornet the Octopode Transmuter began the quest for the
                  | Orb.
     0 | D:1      | Reached XP level 1. HP: 13/13 MP: 3/3
    31 | D:1      | Reached XP level 2. HP: 12/18 MP: 3/5
    35 | D:1      | Learned a level 2 spell: Sticks to Snakes
  1027 | D:2      | Reached XP level 3. HP: 18/23 MP: 4/6
  1158 | D:2      | Learned a level 3 spell: Spider Form
  1371 | D:2      | Reached skill level 1 in Poison Magic
  1832 | D:2      | Reached XP level 4. HP: 20/28 MP: 5/7
  2716 | D:3      | Reached skill level 4 in Unarmed Combat
  2720 | D:3      | Reached XP level 5. HP: 12/33 MP: 1/8
  3005 | D:3      | Slain by an orc wizard

Levels and vault maps discovered:
D:1:      psy_arrival_conway, layout_rooms, st_stairs_4
D:2:      layout_basic, minmay_3d_cube
D:3:      layout_loops_ring, st_stairs_5

Skill      XL: |  1  2  3  4 |
---------------+-------------+-----
Transmutations | 3 |  3.0
Poison Magic   | 2 3 |  3.0
Unarmed Combat | 4 |  4.3
Fighting       | |  1.0
Dodging        | |  2.0
Spellcasting   | |  2.0

Action                   |  1- 3 |  4- 6 || total
-------------------------+-------+-------++-------
Melee: Unarmed           |    76 |    50 ||   126
       Constrict         |    21 |    12 ||    33
       Kick              |    21 |    10 ||    31
       Tentacles         |     7 |     6 ||    13
 Cast: Beastly Appendage |    22 |    11 ||    33
       Spider Form       |       |     2 ||     2
  Use: Scroll            |       |     3 ||     3
       Potion            |       |     3 ||     3
 Stab: Sleeping          |     3 |       ||     3
  Eat: Chunk             |     3 |     4 ||     7
Armor: Skin              |     7 |     3 ||    10
Dodge: Dodged            |    48 |    38 ||    86
